 Dungeon Crawl Stone Soup version 0.30.1 (webtiles) character file.

Game seed: 9050721153967351183

24439 Graphine the Skirmisher (level 12, -9/68 HPs)
             Began as a Deep Elf Hunter on July 12, 2023.
             Was a High Priest of Hepliaklqana.
             Mangled by Dikli's ghost (22 damage)
             ... on level 2 of the Lair of Beasts.
             The game lasted 00:31:13 (11359 turns).

Graphine the Skirmisher (Deep Elf Hunter)          Turns: 11359, Time: 00:31:13

Health: -9/68      AC: 14    Str:  4    XL:     12   Next: 80%
Magic:  14/26      EV: 21    Int: 25    God:    Hepliaklqana [*****.]
Gold:   418        SH:  0    Dex: 24    Spells: 5/28 levels left

rFire   . . .        K - +3 arbalest (heavy)
rCold   . . .        (shield currently unavailable)
rNeg    + . .        F - +3 leather armour {rPois}
rPois   +            T - +1 hat {Stlth+}
rElec   .            N - +0 cloak
rCorr   .            H - +1 pair of gloves
SInv    .            (no boots)
Will    +....        v - amulet of the acrobat
Stlth   +++          f - +6 ring of dexterity
HPRegen 0.31/turn    y - ring of Uskayaw's Pride {rN+ AC+4 Str-4 Int+5}
MPRegen 0.20/turn

%: acrobat
@: about to teleport
A: reduced essence
a: Renounce Religion, Recall Ancestor, Ancestor Identity, Transference, Idealise


You were on level 2 of the Lair of Beasts.
You worshipped Hepliaklqana.
Hepliaklqana was extremely pleased with you.
You visited 3 branches of the dungeon, and saw 15 of its levels.

You collected 656 gold pieces.
You spent 238 gold pieces at shops.

Inventory:

Hand Weapons
 a - a +0 shortbow of electrocution
 K - a +3 heavy arbalest (weapon)
Armour
 t - a +0 robe of willpower
 F - a +3 leather armour of poison resistance (worn)
 H - a +1 pair of gloves (worn)
 N - a +0 cloak (worn)
 T - a +1 hat of stealth (worn)
Magical Staves
 E - a staff of earth
 O - the staff of poison "Esuyckie" {+Blink rPois}
   (You found it on level 10 of the Dungeon)

   [staff of poison]

   Base accuracy: +5 Base damage: 5 Base attack delay: 1.2 This weapon's minimum
   attack delay (0.6) is reached at skill level 12.
   rPois:     It protects you from poison.
   +Blink:    It lets you blink.
   It falls into the 'Staves' category.
   It is a one-handed weapon.
 Q - a staff of air
Jewellery
 c - a ring of willpower
 e - a ring of see invisible
 f - a +6 ring of dexterity (left hand)
 p - a +6 ring of dexterity
 r - a ring of resist corrosion
 v - an amulet of the acrobat (around neck)
 x - an amulet of regeneration
 y - the ring of Uskayaw's Pride (right hand) {rN+ AC+4 Str-4 Int+5}
   (You found it on level 1 of the Lair of Beasts)

   [ring of protection]

   AC:        It affects your AC (+4).
   Str:       It affects your strength (-4).
   Int:       It affects your intelligence (+5).
   rN:        It protects you from negative energy.
 B - a +6 ring of intelligence
 L - a ring of flight
 M - a ring of magical power
Wands
 d - a wand of digging (6)
 s - a wand of roots (14)
 C - a wand of charming (24)
 D - a wand of quicksilver (5)
 S - a wand of flame (24)
Scrolls
 b - 5 scrolls of immolation
 j - 6 scrolls of teleportation
 l - 2 scrolls of silence
 q - a scroll of summoning
 A - 3 scrolls of fog
 I - 2 scrolls of torment
 P - 2 scrolls of vulnerability
 R - 2 scrolls of identify
Potions
 g - 2 potions of haste
 h - 2 potions of cancellation
 i - 10 potions of curing
 m - 5 potions of lignification
 n - 3 potions of brilliance
 o - 7 potions of mutation
 u - 2 potions of flight
 z - 3 potions of invisibility
 G - a potion of magic
 J - 2 potions of berserk rage


   Skills:
 + Level 9.2 Fighting
 + Level 14.5 Ranged Weapons
 + Level 13.0 Dodging
 - Level 1.2 Stealth
 + Level 8.6 Spellcasting
 + Level 8.5 Hexes
 + Level 7.1 Translocations
 + Level 3.0 Transmutations
 + Level 1.7 Invocations


You had 5 spell levels left.
You knew the following spells:

 Your Spells              Type           Power      Damage    Failure   Level
a - Ensorcelled Hibernat  Hex/Ice        64%        N/A       2%          2
b - Portal Projectile     Hex/Tloc       100%       N/A       1%          3
c - Gell's Gravitas       Tloc           46%        N/A       1%          3
d - Teleport Other        Tloc           46%        N/A       1%          3
e - Wereblood             Tmut           26%        N/A       4%          2
f - Anguish               Hex/Necr       16%        N/A       17%         4
g - Dispersal             Tloc           23%        N/A       63%         6

Your spell library contained the following spells:

 Spells                   Type           Power      Damage    Failure   Level
 Confusing Touch          Hex            52%        N/A       1%          3
 Vhi's Electric Charge    Tloc/Air       56%        N/A       7%          3
 Kiss of Death            Conj/Necr      40%        2d8       11%         1
 Magic Dart               Conj           40%        1d5       11%         1
 Searing Ray              Conj           20%        2d5       16%         2
 Spider Form              Tmut/Pois      18%        N/A       16%         3
 Fulminant Prism          Conj/Hex       16%        3d10      17%         4
 Leda's Liquefaction      Hex/Erth       16%        N/A       17%         4
 Call Canine Familiar     Summ           10%        N/A       30%         3
 Frozen Ramparts          Ice            20%        1d4       30%         3
 Hailstorm                Conj/Ice       10%        3d5       30%         3
 Ice Form                 Ice/Tmut       18%        N/A       47%         4
 Dispel Undead            Necr           10%        3d9       71%         4
 Flame Wave               Conj/Fire      10%        2d6       71%         4
 Summon Ice Beast         Ice/Summ       10%        N/A       71%         4
 Arcjolt                  Conj/Air       5%         1d15      96%         5
 Lee's Rapid Deconstruct  Erth           5%         3d6*      96%         5
 Plasma Beam              Fire/Air       5%         2x1d17    100%        6
 Simulacrum               Ice/Necr       5%         N/A       100%        6
 Statue Form              Tmut/Erth      12%        N/A       100%        6


Dungeon Overview and Level Annotations

Branches:
Dungeon (11/15)            Temple (1/1) D:5            Lair (3/5) D:8
 Shoals (0/4) Lair:3       Spider (0/4) Lair:2          Orc (0/2) D:11

Altars:
Ashenzari
Cheibriados
Dithmenos
Elyvilon
Fedhas
Gozag
Hepliaklqana
Kikubaaqudgha
Makhleb
Nemelex Xobeh
Okawaru
Qazlal
Ru
Sif Muna
Trog
Uskayaw
Vehumet
Wu Jian
Xom
Yredelemnul
Zin
The Shining One

Shops:
D:2 (   D:4 !   D:9 (

Portals:
Trove: D:10 (give 7 scrolls of fog)

Annotations:
Lair:2 Dikli's ghost, journeyman MiBe
Lair:3 Ixoagrun's ghost, journeyman MiFi; Nr616's ghost, journeyman MiGl


Message History

Aiming: Teleport Other (safe; 1% risk of failure)
Press: ? - help, Shift-Dir - straight line, f - Dikli's ghost
Aim: Dikli's ghost, wielding a weapon of distortion (lightly damaged, ally target, chance to affect: 34%) Dikli's ghost easily resists.
Ealdgyð hits Dikli's ghost but does no damage.
Dikli's ghost hits you but does no damage.
Casting: Teleport Other (safe; 1% risk of failure)
Confirm with . or Enter, or press ? or * to list all spells.
Aiming: Gell's Gravitas (safe; 1% risk of failure)
Press: ? - help, Dir - move target, p - Dikli's ghost Gravity reorients around empty space.
Ealdgyð closely misses Dikli's ghost.
Dikli's ghost attacks as you move away!
Dikli's ghost hits you but does no damage.
Space warps around you.
Dikli's ghost hits you but does no damage.
Space warps around you.
Ealdgyð hits Dikli's ghost but does no damage.
Dikli's ghost completely misses you.
Ealdgyð hits Dikli's ghost with a +0 flail!
Dikli's ghost completely misses you. Dikli's ghost completely misses you.
Ealdgyð hits Dikli's ghost with a +0 flail.
Dikli's ghost hits Ealdgyð!
Space warps around Ealdgyð.
Fire: K) +3 arbalest (heavy)
Press: ? - help, Q - select action, (/) - cycle Shift-Dir - straight line, f - Dikli's ghost
Aim: Dikli's ghost, wielding a weapon of distortion (lightly damaged, not watching you, ally target, 75% to hit)
You shoot a bolt. The bolt closely misses Dikli's ghost.
Ealdgyð avoids your attack.
Ealdgyð hits Dikli's ghost but does no damage.
Dikli's ghost hits you but does no damage.
Space warps horribly around you!
* * * LOW HITPOINT WARNING * * *
Dikli's ghost completely misses you.
Okay, then.
As you read the scroll of teleportation, it crumbles to dust.
You feel strangely unstable.
Ealdgyð hits Dikli's ghost with a +0 flail.
Dikli's ghost hits you but does no damage.
Space warps horribly around you!!
You die...

#.#########...##########.....##
#..###....#....##P.#÷.###....#
#............................##
#...........^.................#
#.....................>........
#..............................
#..............................
##..#..###........>..........##.
#...##.####....@WR..............
##.........#.......P..###....##.
#...#<....#.........####....##.
#..##....#.......##....#....##.
#................##.........##.
###..#..###P.............#....##.
#.#.....####............##....##.
##..................P.#.#.....#..
#..................#.###.....###


You could see the friendly Ealdgyð the knight and Dikli's ghost (ally target).

Vanquished Creatures
  Gastronok (D:11)
  Erolcha (D:10)
  The ghost of Graphine the Markself, a journeyman DEHu of Hepliaklqana (Lair:3)
  3 two-headed ogres
  A death yak (Lair:3)
  Sonja (D:11)
  Pikel (D:8)
  A deep elf pyromancer (D:11)
  A cyclops (D:11)
  A manticore (D:11)
  A merfolk siren (Lair:3)
  6 elephants
  A black mamba (Lair:2)
  Psyche (D:11)
  7 cane toads
  2 rime drakes
  A kobold demonologist (D:10)
  4 komodo dragons
  3 blink frogs (Lair:1)
  Sigmund (D:3)
  A wraith (D:9)
  A vampire (D:11)
  4 wyverns
  18 yaks
  2 vampire mosquitoes (D:11)
  A basilisk (Lair:1)
  A warg (D:11)
  2 acid dragons
  6 water moccasins
  2 orc warriors
  An ice beast (D:8)
  A black bear (D:5)
  An ogre (D:11)
  The ghost of Tutankhamun the Cudgeller, an amateur MeFi (D:3)
  3 wolves (Lair:2)
  5 centaurs
  2 lemures (D:8)
  2 kobold brigands (D:9)
  Blork the orc (D:4)
  6 bullfrogs
  2 scorpions (D:5)
  9 wights
  9 killer bees
  3 howler monkeys
  An electric eel (Lair:3)
  A jelly (D:7)
  4 hounds
  5 orc priests
  A gnoll bouda (D:4)
  13 orc wizards
  3 iguanas
  8 gnolls
  9 adders
  2 shadow imps
  2 ufetubi
  3 worms
  3 dart slugs
  29 orcs
  5 ball pythons
  6 bats
  6 endoplasms
  2 giant cockroaches (D:3)
  9 hobgoblins
  3 jackals (D:1)
  3 quokkas
  6 frilled lizards
  8 goblins
  10 kobolds
  3 rats
268 creatures vanquished.

Vanquished Creatures (collateral kills)
  A cyclops (D:10)
  A wyvern (Lair:1)
  5 yaks
  An orc warrior (D:9)
  A wight (D:8)
  A howler monkey (D:11)
  An orc priest (D:11)
  A sleepcap (D:6)
  2 orc wizards
  7 orcs
  2 kobolds (D:9)
23 creatures vanquished.

Vanquished Creatures (others)
  2 knights
2 creatures vanquished.

Grand Total: 293 creatures vanquished

Notes
Turn   | Place    | Note
-------+----------+-------------------------------------------
     0 | D:1      | Graphine the Deep Elf Hunter began the quest for the Orb.
     0 | D:1      | Reached XP level 1. HP: 12/12 MP: 3/3
    57 | D:1      | Reached XP level 2. HP: 8/17 MP: 4/4
   428 | D:1      | Reached XP level 3. HP: 21/21 MP: 5/5
   732 | D:2      | Reached skill level 6 in Ranged Weapons
   736 | D:2      | Found Vetiawk's Weapon Shop.
   938 | D:2      | Reached XP level 4. HP: 27/27 MP: 6/6
  1256 | D:3      | Noticed Sigmund
  1261 | D:3      | Killed Sigmund
  1262 | D:3      | Reached XP level 5. HP: 24/32 MP: 7/7
  1502 | D:3      | Reached skill level 7 in Ranged Weapons
  1588 | D:3      | Noticed Tutankhamun's ghost (amateur MeFi)
  1592 | D:3      | Found a runed translucent door.
  1865 | D:3      | Reached XP level 6. HP: 37/37 MP: 8/8
  1958 | D:3      | Found a sparkling altar of Nemelex Xobeh.
  1958 | D:3      | Found a glowing silver altar of Zin.
  1965 | D:3      | Found a broken altar of Ashenzari.
  1967 | D:3      | Found a glowing golden altar of the Shining One.
  1970 | D:3      | Found an ancient bone altar of Kikubaaqudgha.
  2167 | D:3      | Killed Tutankhamun's ghost
  2168 | D:3      | Reached skill level 5 in Dodging
  2345 | D:4      | Found Seasaunn's Distillery.
  2353 | D:4      | Bought a potion of lignification for 42 gold pieces
  2437 | D:4      | Noticed Blork the orc
  2441 | D:4      | Killed Blork the orc
  2534 | D:4      | Reached XP level 7. HP: 42/42 MP: 9/9
  3092 | D:4      | Found a hazy altar of Hepliaklqana.
  3092 | D:4      | Found a basalt altar of Yredelemnul.
  3100 | D:4      | Became a worshipper of Hepliaklqana the Forgotten
  3207 | D:4      | Reached skill level 8 in Ranged Weapons
  3242 | D:5      | Entered Level 5 of the Dungeon
  3269 | D:5      | Found a staircase to the Ecumenical Temple.
  3334 | Temple   | Entered the Ecumenical Temple
  3559 | D:5      | Found an ornate altar of the Wu Jian Council.
  3800 | D:5      | Reached XP level 8. HP: 35/48 MP: 10/10
  3870 | D:5      | Reached * piety under Hepliaklqana
  3969 | D:6      | Reached skill level 9 in Ranged Weapons
  4109 | D:6      | Reached skill level 5 in Fighting
  4333 | D:6      | Found a snail-covered altar of Cheibriados.
  4738 | D:7      | Reached skill level 10 in Ranged Weapons
  4890 | D:7      | Reached XP level 9. HP: 49/49 MP: 11/11
  5199 | D:8      | Noticed Pikel
  5251 | D:8      | Killed Pikel
  5252 | D:8      | Reached skill level 11 in Ranged Weapons
  5273 | D:8      | Reached ** piety under Hepliaklqana
  5274 | D:8      | Remembered your ancestor Ealdgyð as a knight
  5343 | D:8      | Reached skill level 10 in Dodging
  5353 | D:8      | Reached skill level 12 in Ranged Weapons
  5357 | D:8      | Reached XP level 10. HP: 32/56 MP: 12/12
  5581 | D:8      | Found a staircase to the Lair.
  5881 | D:9      | Found Larips Axte's Weapon Boutique.
  5887 | D:9      | Bought a +1 heavy arbalest for 196 gold pieces
  5900 | D:9      | Reached skill level 1 in Spellcasting
  5902 | D:9      | Reached skill level 1 in Hexes
  5902 | D:9      | Reached skill level 1 in Translocations
  5967 | D:9      | Identified the +4 spear "Worm" {vamp, Fragile rN+++ Dex-3
                  | SInv}
  6460 | D:10     | Entered Level 10 of the Dungeon
  6496 | D:10     | Noticed a cyclops
  6500 | D:10     | Killed a cyclops
  6504 | D:10     | Learned a level 2 spell: Ensorcelled Hibernation
  6508 | D:10     | Learned a level 3 spell: Portal Projectile
  6512 | D:10     | Learned a level 3 spell: Gell's Gravitas
  6516 | D:10     | Learned a level 3 spell: Teleport Other
  6535 | D:10     | Found a portal to a secret trove of treasure.
  6567 | D:10     | Noticed a two-headed ogre
  6568 | D:10     | Killed a two-headed ogre
  6656 | D:10     | Noticed Erolcha
  6659 | D:10     | Killed Erolcha
  6660 | D:10     | Reached XP level 11. HP: 61/61 MP: 19/19
  6694 | D:10     | Reached *** piety under Hepliaklqana
  6706 | D:10     | Identified the staff of poison "Esuyckie" {+Blink rPois}
  7389 | D:11     | Found a staircase to the Orcish Mines.
  7432 | D:11     | Noticed a deep elf pyromancer
  7433 | D:11     | Killed a deep elf pyromancer
  7434 | D:11     | Reached skill level 13 in Ranged Weapons
  7434 | D:11     | Reached skill level 5 in Spellcasting
  7455 | D:11     | Noticed Psyche
  7458 | D:11     | Killed Psyche
  7470 | D:11     | Reached skill level 5 in Hexes
  7532 | D:11     | Noticed a two-headed ogre
  7535 | D:11     | Killed a two-headed ogre
  7644 | D:11     | Noticed Gastronok
  7650 | D:11     | Killed Gastronok
  7651 | D:11     | Reached skill level 5 in Translocations
  7733 | D:11     | Found a blossoming altar of Fedhas.
  7951 | D:11     | Noticed a two-headed ogre
  7954 | D:11     | Killed a two-headed ogre
  8042 | D:11     | Noticed Sonja
  8043 | D:11     | Killed Sonja
  8547 | Lair:1   | Entered Level 1 of the Lair of Beasts
  8554 | Lair:1   | Reached **** piety under Hepliaklqana
  8665 | Lair:1   | Reached XP level 12. HP: 67/67 MP: 24/24
  8791 | Lair:1   | Identified the ring of Uskayaw's Pride {rN+ AC+4 Str-4
                  | Int+5}
  8807 | Lair:1   | Identified the +2 pair of gloves "Xiledeis" {rElec Regen+}
  9092 | Lair:1   | Reached skill level 14 in Ranged Weapons
  9560 | Lair:2   | Got Zucri's Excursus on Changes and Hyperthermia
  9565 | Lair:2   | Learned a level 2 spell: Wereblood
  9763 | Lair:2   | Found a hole to the Spider Nest.
  9772 | Lair:2   | Reached skill level 1 in Transmutations
 10594 | Lair:3   | Reached ***** piety under Hepliaklqana
 10620 | Lair:3   | Found a staircase to the Shoals.
 10723 | Lair:3   | Found a runed translucent gate.
 10723 | Lair:3   | Found a runed translucent gate.
 10723 | Lair:3   | Found a runed translucent gate.
 10724 | Lair:3   | Noticed Ixoagrun's ghost (journeyman MiFi)
 10725 | Lair:3   | Noticed Graphine's ghost (journeyman DEHu)
 10725 | Lair:3   | Noticed Nr616's ghost (journeyman MiGl)
 10725 | Lair:3   | Noticed Dikli's ghost (journeyman MiBe)
 10777 | Lair:3   | Noticed a death yak
 10780 | Lair:3   | Reached skill level 1 in Invocations
 10787 | Lair:3   | Killed a death yak
 11258 | Lair:3   | Learned a level 4 spell: Anguish
 11265 | Lair:3   | Learned a level 6 spell: Dispersal
 11313 | Lair:3   | Killed Graphine's ghost
 11359 | Lair:2   | Mangled by Dikli's ghost

Illustrated notes

Levels and vault maps discovered:
D:1:      sevenhm_arrival_forest_fort_small_3, layout_rooms, minmay_distorted
D:2:      layout_rooms, serial_shops, shop
D:3:      layout_loops_corners, chequers_temple_overflow_minitemple,
          hellmonk_ghost_happy_afterlife, grunt_decor_mini_mirrors,
          minmay_quadrilaterals, uniq_sigmund
D:4:      layout_loops_ring, minitemple, serial_shops,
          nicolae_shop_rolling_square, uniq_blork_the_orc
D:5:      layout_basic, nicolae_wu_jian_immortal_techniques,
          minmay_temple_entry_glass
D:6:      layout_rooms, slow_altar_2
D:7:      layout_basic
D:8:      layout_rooms, lair_entry_dummy, grunt_ministairs_12,
          chequers_serial_rivers_micro_d, uniq_pikel
D:9:      layout_basic, serial_shops, shop
D:10:     layout_basic, enter_trove_1, chequers_mini_garden,
          minmay_crystal_room, uniq_erolcha
D:11:     layout_loops_corners, erik_orc_3, hangedman_abyss_or_decor_slice,
          minmay_misc_feat_plants, fedhas_ov_isle_minmay, uniq_sonja,
          uniq_gastronok, uniq_psyche
Temple:   dshaligram_water_room_temple
Lair:1:   layout_roguey, chequers_serial_rivers_micro_b, lemuel_old_faithful
Lair:2:   layout_regular_city, spider_nest_entry_web_field
Lair:3:   layout_gridlike, minmay_shoals_entry_lonely_mermaid,
          gammafunk_ghost_cemetery, guppyfry_lair_drakes, lemuel_fruit_tree

Skill      XL: |  1  2  3  4  5  6  7  8  9 10 11 12 |
---------------+-------------------------------------+-----
Dodging        | 3 4 5 6 8 10 11 12 13 | 13.0
Fighting       | 2 3 4 5 7 8 9 |  9.2
Ranged Weapons | 6 7 8 10 12 13 14 | 14.5
Spellcasting   | 4 7 8 |  8.6
Hexes          | 4 7 8 |  8.5
Translocations | 3 5 7 |  7.1
Transmutations | 3 |  3.0
Invocations    | 1 |  1.7
Stealth        | |  1.2

Action                     |  1- 3 |  4- 6 |  7- 9 | 10-12 || total
---------------------------+-------+-------+-------+-------++-------
   Fire: Shortbow          |    80 |    69 |   255 |     8 ||   412
         Arbalest          |       |       |       |   251 ||   251
   Cast: Wereblood         |       |       |       |     3 ||     3
         Teleport Other    |       |       |       |     2 ||     2
         Portal Projectile |       |       |       |     2 ||     2
         Gell's Gravitas   |       |       |       |     1 ||     1
 Invoke: Recall Ancestor   |       |       |     1 |     2 ||     3
         Ancestor Life: Kn |       |       |     1 |       ||     1
    Use: Scroll            |     5 |     6 |     5 |    17 ||    33
         Potion            |       |       |       |     1 ||     1
 Armour: Leather armour    |     4 |     2 |     8 |    22 ||    36
  Dodge: Dodged            |     9 |    12 |    79 |    86 ||   186
